 Dungeon Crawl Stone Soup version 0.31-a0-1-g4198be8af4 (webtiles) character file.

Game seed: 1746974286191952992

21057 BubbleThief the Fighter (level 12, -6/129 HPs)
             Began as a Naga Cinder Acolyte on May 1, 2023.
             Was a Priest of Ignis.
             Mangled by a reaper
             ... wielding a +1 scythe of freezing
              (25 damage)
             ... in an ice cave.
             The game lasted 00:21:13 (15901 turns).

BubbleThief the Fighter (Naga Cinder Acolyte)      Turns: 15901, Time: 00:21:13

Health: -6/129     AC:  8    Str: 20    XL:     12   Next: 86%
Magic:  16/16      EV:  8    Int: 17    God:    Ignis [***...]
Gold:   581        SH:  4    Dex:  6    Spells: 15/17 levels left

rFire   . . .        R - +8 whip "Snakebite" {venom, curare, rPois}
rCold   + + +        M - +0 buckler
rNeg    . . .        I - +2 leather armour {rC+}
rPois   +            (no helmet)
rElec   .            E - +0 cloak
rCorr   .            (no gloves)
SInv    +            (no barding)
Will    +....        (no amulet)
Stlth   +            k - ring of protection from cold
HPRegen 0.41/turn    V - ring of ice
MPRegen 0.15/turn

%: no passive effects
@: mighty, hasted, quick
A: AC +4, large, see invisible, deformed body, poison resistance, slowness 2,
spit poison 1, naga tail 1
a: Spit Poison, Renounce Religion, Fiery Armour, Foxfire Swarm, Rising Flame


You were in an ice cave.
You worshipped Ignis.
Ignis was most pleased with you.
You visited 3 branches of the dungeon, and saw 15 of its levels.
You also visited: Ice Cave.

You collected 757 gold pieces.
You spent 176 gold pieces at shops.

Inventory:

Hand Weapons
 p - the +8 mace "Ogrebane" {flame, Dex+3}
   (You bought it in a shop on level 4 of the Dungeon)

   Dex:       It affects your dexterity (+3).
 R - the +8 whip "Snakebite" (weapon) {venom, curare, rPois}
   (You took it off Amaemon on level 3 of the Lair of Beasts)

   rPois:     It protects you from poison.
Missiles
 h - 10 atropa-tipped darts
Armour
 r - a +1 robe of willpower
 v - a +2 leather armour of fire resistance
 z - a +1 robe of the Archmagi
 E - a +0 cloak (worn)
 I - a +2 leather armour of cold resistance (worn)
 M - a +0 buckler (worn)
Jewellery
 k - a ring of protection from cold (left hand)
 s - a ring of magical power
 t - a +4 ring of protection
 C - a ring of fire
 O - a ring of wizardry
 V - a ring of ice (right hand)
Wands
 b - a wand of digging (5)
 F - a wand of polymorph (20)
 J - a wand of iceblast (5)
 K - a wand of flame (14)
 Q - a wand of light (2)
Scrolls
 e - 5 scrolls of teleportation
 f - 4 scrolls of amnesia
 g - a scroll of identify
 o - a scroll of fear
 q - a scroll of magic mapping
 A - a scroll of blinking {unknown}
 B - 2 scrolls of poison {unknown}
 G - a scroll of summoning {unknown}
 H - 2 scrolls of enchant armour {unknown}
 L - a scroll of torment {unknown}
 S - a scroll of acquirement {unknown}
Potions
 a - 2 potions of heal wounds
 c - 11 potions of curing
 d - 3 potions of might
 l - 2 potions of flight
 n - 2 potions of brilliance
 u - 3 potions of haste
 w - 3 potions of mutation
 x - a potion of cancellation
 D - a potion of berserk rage {unknown}
 N - 2 potions of magic {unknown}
 P - a potion of resistance {unknown}
 T - a potion of attraction {unknown}
 U - a potion of lignification {unknown}


   Skills:
 + Level 14.8 Fighting
 - Level 14.0 Maces & Flails
 + Level 5.0 Shields
 - Level 3.0 Spellcasting
 - Level 3.0 Fire Magic


You had 15 spell levels left.
You knew the following spells:

 Your Spells              Type           Power      Damage    Failure   Level
a - Scorch                Fire           24%        2d6       11%         2

Your spell library contained the following spells:

 Spells                   Type           Power      Damage    Failure   Level
 Sandblast                Erth           4%         2d4       26%         1
 Shock                    Conj/Air       8%         1d3       26%         1
 Ensorcelled Hibernation  Hex/Ice        6%         N/A       36%         2
 Passwall                 Tmut/Erth      1%         N/A       36%         2
 Call Canine Familiar     Summ           2%         N/A       58%         3
 Portal Projectile        Hex/Tloc       4%         N/A       58%         3
 Spider Form              Tmut/Pois      2%         N/A       58%         3
 Stone Arrow              Conj/Erth      4%         3d7       58%         3
 Swiftness                Air            2%         N/A       58%         3
 Airstrike                Air            1%         2d(1-17)  94%         4
 Anguish                  Hex/Necr       1%         N/A       94%         4
 Leda's Liquefaction      Hex/Erth       1%         N/A       94%         4
 Fireball                 Conj/Fire      3%         3d4       98%         5
 Iskenderun's Battlesphe  Conj           2%         2d6       100%        5
 Conjure Ball Lightning   Conj/Air       1%         3x3d6     100%        6
 Orb of Destruction       Conj           1%         9d5       100%        7


Dungeon Overview and Level Annotations

Branches:
Dungeon (10/15)            Temple (0/1) D:7            Lair (4/5) D:10
  Swamp (0/4) Lair:3        Snake (1/4) Lair:2          Orc (0/2) D:9
  IceCv (1/1)
  Slime: Lair:4-5

Altars:
Dithmenos
Gozag
Kikubaaqudgha
Makhleb
Nemelex Xobeh
Okawaru
Qazlal
Uskayaw

Shops:
D:4 *

Annotations:
Lair:1 Gastronok


Innate Abilities, Weirdness & Mutations

Your serpentine skin is tough. (AC +4)
You have supernaturally acute eyesight. (SInv)
Armour fits poorly on your strangely shaped body.
Your system is resistant to poisons. (rPois)
You cover ground very slowly.
You can spit poison.
You have a snake-like lower body.


Message History

The reaper is blinded.
The reaper closely misses you.
Unknown command.
The reaper hits you with a +1 scythe of freezing!!!
Unknown command.
You hit the reaper.
The reaper is lightly wounded.
You are engulfed in freezing vapours.
You resist.
The reaper hits you with a +1 scythe of freezing!!
Unknown command.
You barely miss the reaper.
The reaper is lightly wounded.
You are engulfed in freezing vapours.
You resist.
Unknown command.
You hit the reaper but do no damage.
The reaper is lightly wounded.
You are engulfed in freezing vapours.
You resist.
Unknown command.
You whack the reaper!
The reaper looks as sick as possible!
The reaper is moderately wounded.
You are engulfed in freezing vapours.
You resist.
The reaper hits you with a +1 scythe of freezing!!
* * * LOW HITPOINT WARNING * * *
Unknown command.
You closely miss the reaper.
The reaper is moderately wounded.
You are engulfed in freezing vapours.
You resist.
* * * LOW HITPOINT WARNING * * *
Unknown command.
You hit the reaper but do no damage.
The reaper is moderately wounded.
You are engulfed in freezing vapours.
You resist.
* * * LOW HITPOINT WARNING * * *
Unknown command.
You hit the reaper.
The reaper is heavily wounded.
You are engulfed in freezing vapours.
You resist.
* * * LOW HITPOINT WARNING * * *
The reaper shouts, "Die, BubbleThief!"
The reaper hits you with a +1 scythe of freezing!!
You die...

##....##.........###
.....##..####......##
#........#.......##
###......##.......##
# ##4.§§§§##.......#
# ...#§§☼........## #
##.○#○§###.....## #
.§○#○.§○°#..### #
§°.#○@.☼○#### ##
##°§§2°§### .#
#☼°°§.### .# ###☼##
## .§° # ##? #


You could see a reaper (blind, extremely poisoned).

Vanquished Creatures
  Josephine (Lair:3)
  A two-headed ogre (D:10)
  A boulder beetle (D:10)
  Amaemon (Lair:3)
  Pikel (D:4)
  3 black mambas
  2 ice statues (IceCv)
  A guardian serpent (Lair:2)
  Joseph (D:8)
  An orange demon (Lair:3)
  A gargoyle (D:9)
  3 cane toads
  An unseen horror (D:7)
  2 komodo dragons (Lair:3)
  2 rime drakes (Lair:3)
  A freezing wraith (IceCv)
  4 ice devils (IceCv)
  9 blink frogs
  2 trolls (D:10)
  21 yaks
  3 wyverns
  4 wraiths
  4 vampire mosquitoes
  A steam dragon (D:8)
  Menkaure (D:4)
  5 water moccasins
  An acid dragon (D:9)
  Duvessa (D:4)
  A hydra simulacrum (IceCv)
  A black bear (D:7)
  6 orc warriors
  A sky beast (D:8)
  A centaur (D:9)
  2 ogres
  A phantom (D:7)
  2 kobold brigands (D:9)
  Blork the orc (D:6)
  3 bullfrogs
  A gnoll sergeant (D:8)
  A cane toad simulacrum (IceCv)
  2 scorpions
  4 two-headed ogre simulacra (IceCv)
  5 wights
  Dowan (D:4)
  4 killer bees (D:7)
  3 elephant simulacra (IceCv)
  2 howler monkeys (D:7)
  4 electric eels
  2 hounds
  2 gnoll boudas
  4 jellies
  8 orc priests
  7 iguanas
  16 orc wizards
  A polar bear simulacrum (IceCv)
  4 troll simulacra (IceCv)
  14 gnolls
  13 adders
  2 naga simulacra (IceCv)
  A shadow imp (D:6)
  17 white imps
  An ufetubus (D:4)
  2 worms
  4 dart slugs
  44 orcs
  8 ball pythons
  9 endoplasms
  5 giant cockroaches
  8 hobgoblins
  3 jackals (D:4)
  3 quokkas
  7 bats
  2 frilled lizards
  6 goblins
  16 kobolds
  4 rats
338 creatures vanquished.

Vanquished Creatures (others)
  11 fungi
  28 plants
39 creatures vanquished.

Grand Total: 377 creatures vanquished

Notes
Turn   | Place    | Note
-------+----------+-------------------------------------------
     0 | D:1      | BubbleThief the Naga Cinder Acolyte began the quest for the
                  | Orb.
     0 | D:1      | Reached XP level 1. HP: 21/21 MP: 2/2
   112 | D:1      | Reached XP level 2. HP: 13/28 MP: 3/3
   119 | D:1      | Learned a level 2 spell: Scorch
   516 | D:1      | Reached XP level 3. HP: 31/34 MP: 5/5
   947 | D:2      | Identified the +5 dagger of Vuntev {vamp, rC+}
  1260 | D:2      | Reached XP level 4. HP: 20/44 MP: 7/7
  2406 | D:3      | Reached XP level 5. HP: 49/50 MP: 1/8
  3267 | D:4      | Found Wuenwof's Assorted Antiques.
  3365 | D:4      | Bought an ichor-stained mace for 176 gold pieces
  3365 | D:4      | Identified the +8 mace "Ogrebane" {flame, Dex+3} (You
                  | bought it in a shop on level 4 of the Dungeon)
  3562 | D:4      | Found a sparkling altar of Nemelex Xobeh.
  3585 | D:4      | Reached XP level 6. HP: 56/58 MP: 3/10
  3708 | D:4      | Noticed Pikel
  3722 | D:4      | Killed Pikel
  3723 | D:4      | Reached XP level 7. HP: 12/69 MP: 3/11
  4089 | D:4      | Noticed Dowan
  4091 | D:4      | Noticed Duvessa
  4099 | D:4      | Killed Duvessa
  4104 | D:4      | Killed Dowan
  4105 | D:4      | Reached XP level 8. HP: 50/78 MP: 8/12
  4355 | D:4      | Noticed Menkaure
  4360 | D:4      | Killed Menkaure
  4725 | D:5      | Entered Level 5 of the Dungeon
  4882 | D:5      | Found an opulent altar of Gozag.
  5224 | D:5      | Found an ancient bone altar of Kikubaaqudgha.
  5225 | D:5      | Found a hide-covered altar of Uskayaw.
  5229 | D:5      | Found a stormy altar of Qazlal.
  5636 | D:5      | Reached XP level 9. HP: 64/88 MP: 8/13
  5869 | D:6      | Found an iron altar of Okawaru.
  5964 | D:6      | Noticed Blork the orc
  5970 | D:6      | Killed Blork the orc
  6052 | D:6      | Found a burning altar of Makhleb.
  6058 | D:6      | Found a shadowy altar of Dithmenos.
  6641 | D:7      | Found a staircase to the Ecumenical Temple.
  7209 | D:7      | Noticed an unseen horror
  7228 | D:7      | Killed an unseen horror
  7229 | D:7      | Reached skill level 10 in Fighting
  7229 | D:7      | Reached skill level 10 in Maces & Flails
  7229 | D:7      | Reached XP level 10. HP: 60/102 MP: 8/14
  7615 | D:8      | Noticed Joseph
  7628 | D:8      | Killed Joseph
  8814 | D:9      | Found a staircase to the Orcish Mines.
  9447 | D:9      | Noticed a gargoyle
  9454 | D:9      | Killed a gargoyle
  9730 | D:10     | Entered Level 10 of the Dungeon
  9966 | D:10     | Found a staircase to the Lair.
  9966 | D:10     | Noticed a boulder beetle
  9984 | D:10     | Killed a boulder beetle
  9985 | D:10     | Reached XP level 11. HP: 79/114 MP: 13/15
 10740 | D:10     | Noticed a two-headed ogre
 10746 | D:10     | Killed a two-headed ogre
 10760 | Lair:1   | Entered Level 1 of the Lair of Beasts
 10820 | Lair:1   | Noticed Gastronok
 11272 | Lair:2   | Found a staircase to the Snake Pit.
 12276 | Snake:1  | Entered Level 1 of the Snake Pit
 12475 | Lair:3   | Found a staircase to the Swamp.
 12494 | Lair:3   | Reached XP level 12. HP: 83/126 MP: 13/16
 12748 | Lair:3   | Identified the +0 ring mail of Moteurito {SInv}
 12852 | Lair:3   | Noticed Amaemon
 12863 | Lair:3   | Killed Amaemon
 13076 | Lair:3   | Reached skill level 1 in Shields
 13391 | Lair:3   | Noticed Josephine
 13400 | Lair:3   | Killed Josephine
 13964 | Lair:4   | Found a frozen archway.
 14461 | IceCv    | Entered an ice cave
 15612 | IceCv    | Reached skill level 5 in Shields
 15890 | IceCv    | Noticed a reaper
 15901 | IceCv    | Mangled by a reaper

Illustrated notes

Levels and vault maps discovered:
D:1:      dpeg_arrival_solitude, layout_loops_cross, serial_bayou_lagoon_a
D:2:      layout_loops_corners, st_stairs_11, columned_hall_lemuel,
          chequers_avenue, patterned_corridor
D:3:      layout_basic, kennysheep_potato
D:4:      layout_loops_ring, nemelex_diamond_rough_becter, serial_shops,
          shop_statue, uniq_duvessa, uniq_pikel, uniq_menkaure
D:5:      layout_rooms, old_standard_altar, grunt_temple_overflow_open
D:6:      layout_rooms, okawaru_ov_weapons_minmay, nicolae_overflow_squiral,
          uniq_blork_the_orc
D:7:      minmay_chambers_of_sixes, layout_basic, lemuel_temple_firewalk_a,
          minmay_misc_feat_four_crosses
D:8:      layout_rooms, uniq_joseph
D:9:      layout_long_grid, orc_0_dummy
D:10:     minmay_the_grid_3x2 [minmay_the_grid_empty, minmay_the_grid_square_x,
          minmay_the_grid_minigrid_small_alt, minmay_the_grid_slots,
          minmay_the_grid_gridbox, minmay_the_grid_prize_diamond_cup],
          layout_gridville, solitary_fountain, uniq_harold
Lair:1:   layout_gridlike, grunt_megastairs_1, serial_bayou_shore_b,
          lemuel_fruit_tree, uniq_gastronok
Lair:2:   layout_roguey, minmay_snake_entry_spellcaster, serial_bayou_shore_a
Lair:3:   layout_regular_city, swamp_mist, uniq_josephine, uniq_amaemon
Lair:4:   layout_regular_city, portal_ice_cave_entry_imps, beast_lair_carwin_8,
          grunt_megastairs_3
Snake:1:  layout_basic, gammafunk_ghost_arena, st_stairs_8
IceCv:    ice_cave_small_demon

Skill      XL: |  1  2  3  4  5  6  7  8  9 10 11 12 |
---------------+-------------------------------------+-----
Spellcasting   | 2 3 |  3.0
Fighting       | 4 6 8 10 11 13 14 | 14.8
Maces & Flails | 4 6 8 10 11 13 14 | 14.0
Shields        | 5 |  5.0
Fire Magic     | |  3.0

Action                     |  1- 3 |  4- 6 |  7- 9 | 10-12 || total
---------------------------+-------+-------+-------+-------++-------
  Melee: Mace              |    53 |    47 |   198 |   340 ||   638
         Punch             |       |       |     4 |     3 ||     7
         Whip              |       |       |       |   349 ||   349
   Cast: Scorch            |       |    36 |    35 |    43 ||   114
 Invoke: Fiery Armour      |       |     1 |     1 |     3 ||     5
Ability: Spit Poison       |    35 |    21 |    22 |    20 ||    98
  Evoke: Wand              |       |       |       |     3 ||     3
    Use: Scroll            |       |       |     8 |     8 ||    16
         Potion            |       |       |       |     3 ||     3
   Stab: Invisible         |       |       |       |     1 ||     1
 Armour: Robe              |    10 |     9 |    73 |   186 ||   278
         Leather armour    |       |       |       |    62 ||    62
         Skin              |       |       |       |     7 ||     7
  Dodge: Dodged            |    35 |    21 |   103 |   248 ||   407
  Block: Buckler           |       |       |       |    42 ||    42

Table legend: (Time is in decaauts)
 A = Elapsed time spent in this place.
 B = Non-inter-level travel time spent in this place.
 C = Inter-level travel time spent in this place.
 D = Time resting spent in this place.
 E = Time spent auto-exploring this place.
 F = Levels seen in this place.
 G = Mean time per level.
                   A        B        C        D        E       F      G
               +--------+--------+--------+--------+--------+-----+--------+
         Total |  18631 |  18139 |    492 |   2671 |  12988 |  16 | 1164.4 |
       Dungeon |  13016 |  12580 |    436 |   1337 |   9556 |  10 | 1301.6 |
          Lair |   4157 |   4101 |     56 |    571 |   2966 |   4 | 1039.2 |
     Snake Pit |      3 |      3 |      0 |      0 |      0 |   1 |    3.0 |
      Ice Cave |   1453 |   1453 |      0 |    763 |    465 |   1 | 1453.0 |
               +--------+--------+--------+--------+--------+-----+--------+

Top non-repeatable levels by time:
  Lair:3: 2183 daAuts
  Lair:2: 1787 daAuts
     D:4: 1758 daAuts
     D:9: 1691 daAuts
     D:2: 1663 daAuts
     D:3: 1530 daAuts
   IceCv: 1453 daAuts
     D:7: 1239 daAuts
     D:6: 1132 daAuts
     D:5: 1073 daAuts
     D:8: 1068 daAuts
     D:1: 1006 daAuts
    D:10: 851 daAuts
  Lair:1: 152 daAuts
  Lair:4: 34 daAuts
